 Dungeon Crawl Stone Soup version 0.19.1-1-g22dce08 (webtiles) character file.

1283 sveltemanboy the Conjurer (level 8, 0/57 HPs)
             Began as a Mottled Draconian Summoner on Dec 28, 2016.
             Was a Priest of Vehumet.
             Slain by a bog mummy (5 damage)
             ... in an ossuary.
             The game lasted 00:22:12 (6196 turns).

sveltemanboy the Conjurer (DrSu)                    Turns: 6196, Time: 00:22:13

Health: 0/57       AC:  8    Str: 12    XL:     8   Next: 29%
Magic:  2/11       EV: 12    Int: 20    God:    Vehumet [***...]
Gold:   226        SH:  0    Dex: 11    Spells: 4 memorised, 3 levels left

rFire  . . .     SeeInvis .     j - +1 spear
rCold  . . .     Gourm    .     (armour unavailable)
rNeg   . . .     Faith    .     (no shield)
rPois  .         Spirit   .     (helmet restricted)
rElec  .         Reflect  .     p - +1 cloak (curse)
rCorr  .         Harm     .     (no gloves)
MR     .....                    (no boots)
Stlth  ++........               (no amulet)
                                m - ring of flight
                                o - +3 ring of intelligence

@: no status effects
A: breathe sticky flame splash, unfitting armour, cold-blooded, AC +6
a: Breathe Sticky Flame, Renounce Religion, Evoke Flight


You were in an ossuary.
You worshipped Vehumet.
Vehumet was most pleased with you.
You were near starving.

You visited 1 branch of the dungeon, and saw 8 of its levels.
You also visited: Ossuary.

You collected 226 gold pieces.

Inventory:

Hand Weapons
 j - a +1 spear (weapon)
Armour
 p - a cursed +1 cloak (worn)
 u - a +2 cloak
Jewellery
 m - a ring of flight (right hand)
 o - a +3 ring of intelligence (left hand)
Scrolls
 i - 6 scrolls of identify
 q - a scroll of enchant armour
 s - a scroll of teleportation
Potions
 d - 2 potions of lignification {unknown}
 e - 4 potions of heal wounds {unknown}
 g - 2 potions of cancellation {unknown}
 h - 2 potions of haste {unknown}
 l - a potion of brilliance {unknown}
 n - a potion of resistance {unknown}
 t - 2 potions of berserk rage {unknown}
Books
 a - a book of Callings

   Spells                             Type                      Level
   a - Summon Small Mammal            Summoning                    1
   b - Call Imp                       Summoning                    2
   c - Call Canine Familiar           Summoning                    3
   d - Summon Guardian Golem          Hexes/Summoning              3
   e - Summon Lightning Spire         Summoning/Air                4
   f - Summon Ice Beast               Ice/Summoning                4
 c - a book of Power

   Spells                             Type                      Level
   a - Fulminant Prism                Conjuration/Hexes            4
   b - Iskenderun's Mystic Blast      Conjuration                  4
   c - Venom Bolt                     Conjuration/Poison           5
   d - Bolt of Magma                  Conjuration/Fire/Earth       5
   e - Iron Shot                      Conjuration/Earth            6
   f - Orb of Destruction             Conjuration                  7
   g - Spellforged Servitor           Conjuration/Summoning        7
Comestibles
 b - 3 bread rations
 k - a meat ration


   Skills:
 - Level 3.5 Polearms
 - Level 1.7 Dodging
 - Level 1.7 Stealth
 - Level 2.0 Spellcasting
 * Level 6.9 Conjurations
 - Level 6.2 Summonings
 + Level 3.6 Fire Magic
 - Level 1.1 Poison Magic


You had 3 spell levels left.
You knew the following spells:

 Your Spells              Type           Power        Failure   Level  Hunger
a - Throw Flame           Conj/Fire      ###...       1%          2    ##.....
b - Call Imp              Summ           ####....     1%          2    ##.....
c - Call Canine Familiar  Summ           ####....     4%          3    ###....
d - Sting                 Conj/Pois      ###.         1%          1    #......


Dungeon Overview and Level Annotations

Branches:
Dungeon (8/15)             Temple (0/1) D:4
   Lair: D:8-11

Altars:
Makhleb
Nemelex Xobeh
Ru
Vehumet

Annotations:
D:5 Paps's ghost, novice GrFi
D:7 Prince Ribbit; Psyche


Innate Abilities, Weirdness & Mutations

You can spit globs of burning liquid.
You can ignite nearby creatures when you spit burning liquid.
Your weird mottled scales are hard. (AC +6)
You cannot fit into any form of body armour.
You are cold-blooded and may be slowed by cold attacks.


Message History

You closely miss the hornet zombie.
You tail-slap the hornet zombie, but do no damage.
The hornet zombie is almost destroyed.
The hornet zombie hits you but does no damage.
You hit the hornet zombie but do no damage.
The hornet zombie is almost destroyed.
The hornet zombie misses you. The mummy hits you but does no damage.
You closely miss the hornet zombie.
The hornet zombie is almost destroyed.
The hornet zombie misses you.
You hit the hornet zombie. You tail-slap the hornet zombie.
You destroy the hornet zombie!
Vehumet accepts your kill. The mummy hits you.
* * * LOW HITPOINT WARNING * * *
There is an open door here.
The mummy barely misses you.
You barely miss the mummy. The mummy barely misses you.
You barely miss the mummy. The bog mummy hits you.
You die...

≈ #≈ ##### #≈.
#..∩# #≈# #.∩.###
#..≈#...#.#
##≈≈##'##'##'##.#
#..≈≈.@MZ.......+
###+#'#M#'#+#'#+#
#.#.#.# #######


You could see a mummy, a bog mummy and a quokka zombie.

Vanquished Creatures
  A hornet zombie (Ossuary)
  An ice beast (D:5)
  A centaur (D:5)
  A scorpion (D:5)
  A centaur zombie (Ossuary)
  A bullfrog zombie (Ossuary)
  A hound (D:6)
  Ijyb (D:3)
  Natasha (D:3)
  2 orc wizards
  2 worker ants
  A killer bee zombie (Ossuary)
  2 hound zombies (Ossuary)
  9 mummies (Ossuary)
  A howler monkey zombie (Ossuary)
  Robin (D:1)
  A gnoll (D:3)
  4 adders
  A shadow imp (D:5)
  An ooze (D:2)
  2 adder zombies (Ossuary)
  A dart slug (D:3)
  4 leopard geckos
  6 orcs
  4 giant cockroaches
  8 hobgoblins
  5 jackals
  8 kobolds
  14 bats
  4 frilled lizards
  14 goblins
  A jackal zombie (Ossuary)
  2 quokka zombies (Ossuary)
  10 rats
  A plant (D:1)
118 creatures vanquished.

Vanquished Creatures (collateral kills)
  The ghost of Paps the Shield-Bearer, an amateur GrFi (D:4)
  Sigmund (D:2)
  A big kobold (D:7)
  2 scorpions
  An orc priest (D:3)
  An orc wizard (D:4)
  Crazy Yiuf (D:2)
  Terence (D:3)
  Natasha (twice) (D:5)
  A mummy (D:6)
  3 gnolls
  An adder (D:2)
  A worm (D:2)
  4 orcs
  A hobgoblin (D:2)
  2 jackals (D:1)
  3 kobolds (D:7)
27 creatures vanquished.

Grand Total: 145 creatures vanquished

Notes
Turn   | Place    | Note
-------+----------+-------------------------------------------
     0 | D:1      | sveltemanboy the Draconian Summoner began the quest for the Orb.
     0 | D:1      | Reached XP level 1. HP: 14/14 MP: 3/3
   145 | D:1      | Reached XP level 2. HP: 18/20 MP: 5/5
   152 | D:1      | Learned a level 2 spell: Call Imp
   688 | D:1      | Reached skill level 5 in Summonings
   837 | D:1      | Reached XP level 3. HP: 26/26 MP: 6/6
   846 | D:1      | Learned a level 3 spell: Call Canine Familiar
  1131 | D:2      | Noticed Robin
  1155 | D:2      | Reached skill level 1 in Polearms
  1168 | D:1      | Killed Robin
  1433 | D:2      | Noticed Sigmund
  1512 | D:2      | Killed Sigmund
  1512 | D:2      | Reached XP level 4. HP: 32/33 MP: 2/7
  1614 | D:2      | Reached XP level 5. HP: 38/38 MP: 5/8
  1831 | D:2      | Found a radiant altar of Vehumet.
  1845 | D:2      | Became a worshipper of Vehumet
  1852 | D:2      | Found a burning altar of Makhleb.
  2142 | D:2      | Found a runed door.
  2149 | D:2      | Noticed Crazy Yiuf
  2174 | D:2      | Killed Crazy Yiuf
  2462 | D:3      | Noticed Natasha
  2476 | D:3      | Killed Natasha
  2590 | D:3      | Noticed Ijyb
  2602 | D:3      | Killed Ijyb
  2933 | D:3      | Reached XP level 6. HP: 37/45 MP: 9/9
  2937 | D:3      | Reached * piety under Vehumet
  2937 | D:3      | Offered knowledge of Sting by Vehumet.
  2940 | D:3      | Learned a level 1 spell: Sting
  3145 | D:3      | Reached skill level 1 in Conjurations
  3342 | D:3      | Noticed Terence
  3356 | D:3      | Killed Terence
  3473 | D:4      | Found a staircase to the Ecumenical Temple.
  3506 | D:4      | Reached skill level 1 in Poison Magic
  3822 | D:4      | Noticed Paps's ghost (amateur GrFi)
  3852 | D:4      | Killed Paps's ghost
  3852 | D:4      | Your scales start taking on a weird mottled colour.
  3852 | D:4      | Reached XP level 7. HP: 19/50 MP: 1/10
  4145 | D:5      | Entered Level 5 of the Dungeon
  4366 | D:5      | Noticed Natasha
  4376 | D:5      | Killed Natasha
  4376 | D:5      | Reached ** piety under Vehumet
  4499 | D:5      | Noticed Paps's ghost (novice GrFi)
  4637 | D:4      | Offered knowledge of Throw Flame by Vehumet.
  4645 | D:4      | Learned a level 2 spell: Throw Flame
  4669 | D:5      | Noticed Natasha
  4676 | D:5      | Killed Natasha
  4732 | D:5      | Found a faded altar of an unknown god.
  4732 | D:5      | Found a faded altar of an unknown god.
  4737 | D:5      | Found a faded altar of an unknown god.
  4751 | D:5      | Found a faded altar of an unknown god.
  4752 | D:5      | Found a sacrificial altar of Ru.
  4803 | D:5      | Reached skill level 5 in Conjurations
  4803 | D:5      | Reached skill level 1 in Fire Magic
  4873 | D:5      | You fall through a shaft for 3 floors!
  5063 | D:8      | Noticed Psyche
  5087 | D:7      | Noticed Prince Ribbit
  5198 | D:7      | Found a sparkling altar of Nemelex Xobeh.
  5529 | D:7      | Got a crude hand axe
  5531 | D:7      | Identified the +3 hand axe of Gorolaym {speed, *Corrode *Slow rElec Int+9} (You found it on level 7 of the Dungeon)
  5809 | D:6      | Found a sand-covered staircase.
  5844 | Ossuary  | Entered an ossuary
  5887 | Ossuary  | Offered knowledge of Ignite Poison by Vehumet.
  5897 | Ossuary  | Reached XP level 8. HP: 50/57 MP: 2/11
  6009 | Ossuary  | Reached *** piety under Vehumet
  6196 | Ossuary  | Slain by a bog mummy

Skill      XL: |  1  2  3  4  5  6  7  8 |
---------------+-------------------------+-----
Summonings     | 5 6 |  6.2
Polearms       | 2 3 |  3.5
Conjurations   | 3 6 |  6.9
Poison Magic   | 1 |  1.1
Fire Magic     | 2 3 |  3.6
Dodging        | |  1.7
Stealth        | |  1.7
Spellcasting   | |  2.0

Action                   |  1- 3 |  4- 6 |  7- 9 || total
-------------------------+-------+-------+-------++-------
Melee: Whip              |   117 |       |       ||   117
       Tailslap          |    20 |    13 |    22 ||    55
       Spear             |    47 |   230 |   222 ||   499
 Cast: Summon Small Mamm |     5 |     7 |       ||    12
       Call Imp          |     9 |    13 |    15 ||    37
       Call Canine Famil |       |    10 |    10 ||    20
       Sting             |       |     3 |     4 ||     7
       Throw Flame       |       |       |    31 ||    31
 Abil: Breathe Sticky Fl |       |       |     1 ||     1
  Use: Scroll            |       |     7 |     6 ||    13
       Potion            |       |       |     1 ||     1
 Stab: Sleeping          |     5 |     6 |     2 ||    13
       Distracted        |     1 |     1 |     2 ||     4
  Eat: Chunk             |     2 |    11 |     7 ||    20
       Beef jerky        |       |       |     2 ||     2
Armor: Skin              |    38 |    54 |    68 ||   160
Dodge: Dodged            |    71 |    80 |   123 ||   274
